 Dungeon Crawl Stone Soup version 0.27-a0-46-g34d46f0a3f (webtiles) character file.

Game seed: 6639500630621160954

67 Descartes the Skirmisher (level 4, -10/35 HPs)
             Began as a Demonspawn Chaos Knight on Jan 6, 2021.
             Was a Plaything of Xom.
             Mangled by a centaur (14 damage)
             ... on level 2 of the Dungeon.
             The game lasted 00:02:53 (1589 turns).

Descartes the Skirmisher (Demonspawn Chaos Knight)  Turns: 1589, Time: 00:02:54

Health: -10/35     AC:  5    Str: 13    XL:     4   Next: 0%
Magic:  4/4        EV: 12    Int: 14    God:    Xom [..*...]
Gold:   88         SH:  0    Dex: 12    Spells: 3/3 levels left

rFire    + . .     SeeInvis .   a - +0 falchion (chaos)
rCold    . . .     Faith    .   (no shield)
rNeg     . . .     Spirit   .   b - +2 leather armour
rPois    .         Reflect  .   (no helmet)
rElec    .         Harm     .   (no cloak)
rCorr    .         Rampage  .   (no gloves)
Will     .....                  (no boots)
Stlth    +.........             (no amulet)
HPRegen  0.11/turn              (no ring)
MPRegen  0.09/turn              (no ring)

@: no status effects
A: fire resistance 1, flame cloud immunity
a: Renounce Religion


You were on level 2 of the Dungeon.
You worshipped Xom.
You were a toy of Xom.
You visited 1 branch of the dungeon, and saw 2 of its levels.

You collected 88 gold pieces.

Inventory:

Hand Weapons
 a - a +0 falchion of chaos (weapon)
Missiles
 f - 92 stones (quivered)
 h - 4 datura-tipped darts
 k - 9 poisoned darts
 l - 22 sling bullets
Armour
 b - a +2 leather armour (worn)
Jewellery
 n - an uncursed amulet of the acrobat {unknown}
 p - an uncursed amulet of guardian spirit {unknown}
Scrolls
 c - a scroll of amnesia {unknown}
 d - 3 scrolls of identify {unknown}
 e - 2 scrolls of remove curse {unknown}
 r - a scroll of random uselessness {unknown}
Potions
 g - a potion of attraction {unknown}
 i - a potion of haste {unknown}
 j - a potion of magic {unknown}
 m - a potion of mutation {unknown}
 o - a potion of cancellation {unknown}
 q - a potion of brilliance {unknown}


   Skills:
 + Level 3.5 Fighting
 + Level 3.2 Long Blades
 + Level 2.4 Armour
 + Level 1.8 Dodging


You had 3 spell levels left.
You didn't know any spells.
Your spell library was empty.

Dungeon Overview and Level Annotations

Branches:
Dungeon (2/15)

Altars:


Innate Abilities, Weirdness & Mutations

Your flesh is heat resistant. (rF+)
You are immune to clouds of flame.


Message History

You are too injured to fight recklessly!
You are too injured to fight recklessly!
You hear a shout! x4
You hit the centaur but do no damage.
You hear a shout!
The centaur unwields a +0 shortbow.
The centaur hits you. The centaur closely misses you.
You hit the centaur but do no damage. The centaur closely misses you.
You closely miss the centaur. The centaur hits you. The centaur hits you!
* * * LOW HITPOINT WARNING * * *
You emit a cloud of colourful smoke!
A goblin comes into view. It is wielding a +0 club.
You hit the centaur.
The centaur goes berserk!
The centaur is moderately wounded.
The centaur barely misses you.
You riposte.
You hit the centaur.
The centaur is poisoned.
The centaur is moderately wounded.
The centaur hits you!
You die...
Xom titters!

##### # #
#...#####§##### .
#...((§@c§.S..#
#.#...#####§###g#
#.#...## ..
#......# ##
###)..## ##.##
... #†# .... #.#
.... ##'##


You could see a centaur (berserk, very poisoned), an adder and a goblin.

Vanquished Creatures
  2 adders (D:2)
  An ooze (D:2)
  A worm (D:2)
  5 bats
  2 giant cockroaches (D:1)
  6 hobgoblins
  4 jackals (D:1)
  6 frilled lizards
  8 goblins
  5 kobolds
  4 rats
44 creatures vanquished.

Notes
Turn   | Place    | Note
-------+----------+-------------------------------------------
     0 | D:1      | Descartes the Demonspawn Chaos Knight began the quest for
                  | the Orb.
     0 | D:1      | Reached XP level 1. HP: 18/18 MP: 1/1
    59 | D:1      | Reached skill level 1 in Dodging
   123 | D:1      | Gained mutation: Your flesh is heat resistant. (rF+)
                  | [demonic ancestry]
   123 | D:1      | Reached XP level 2. HP: 24/24 MP: 2/2
   230 | D:1      | XOM: 2-stop teleportation journey
   454 | D:1      | XOM: 9-stop teleportation journey
   865 | D:1      | Gained mutation: You are immune to clouds of flame.
                  | [demonic ancestry]
   865 | D:1      | Reached XP level 3. HP: 29/29 MP: 3/3
   891 | D:1      | XOM: noise
   900 | D:1      | XOM: divination: detect items
   984 | D:2      | XOM: divination: magic mapping
  1024 | D:2      | XOM: cloud trail
  1092 | D:2      | XOM: noise
  1578 | D:2      | Reached XP level 4. HP: 35/35 MP: 4/4
  1582 | D:2      | Noticed a centaur
  1588 | D:2      | XOM: smoke on damage
  1589 | D:2      | Mangled by a centaur

Illustrated notes

Levels and vault maps discovered:
D:1:      ebering_trefoil_twist, layout_basic
D:2:      layout_loops_corners, lemuel_crystal_altar, minmay_tall_x, uniq_robin

Skill      XL: |  1  2 |
---------------+-------+-----
Dodging        | 1 |  1.8
Armour         | 2 |  2.4
Long Blades    | 3 |  3.2
Fighting       | |  3.5

Action                   |  1- 3 |  4- 6 || total
-------------------------+-------+-------++-------
Melee: Falchion          |   113 |     4 ||   117
 Stab: Paralysed         |     2 |       ||     2
       Sleeping          |     2 |       ||     2
Armor: Leather armour    |    37 |       ||    37
Dodge: Dodged            |    79 |     4 ||    83
       Rpst.: Falchion   |    22 |     1 ||    23

Table legend: (Time is in decaauts)
 A = Elapsed time spent in this place.
 B = Non-inter-level travel time spent in this place.
 C = Inter-level travel time spent in this place.
 D = Time resting spent in this place.
 E = Time spent auto-exploring this place.
 F = Levels seen in this place.
 G = Mean time per level.
                   A        B        C        D        E       F      G
               +--------+--------+--------+--------+--------+-----+--------+
         Total |   1605 |   1579 |     26 |      0 |   1311 |   2 |  802.5 |
       Dungeon |   1605 |   1579 |     26 |      0 |   1311 |   2 |  802.5 |
               +--------+--------+--------+--------+--------+-----+--------+

Top non-repeatable levels by time:
     D:1: 957 daAuts
     D:2: 648 daAuts
